 Dungeon Crawl Stone Soup version 0.32-a0-994-gabb26cbae4 (webtiles) character file.

Game seed: 12963657668378938328

14723 GeoRichter the Fighter (level 11, -8/104 HPs)
             Began as a Black Draconian Fire Elementalist on Apr 22, 2024.
             Was a Priest of Qazlal.
             Collided with a briar patch (9 damage)
             ... after being knocked back by a swamp worm
             ... on level 1 of the Lair of Beasts.
             The game lasted 00:20:07 (14574 turns).

GeoRichter the Fighter (DrFE)                      Turns: 14574, Time: 00:20:07

Health: -8/104     AC: 10    Str: 12    XL:     11   Next: 92%
Magic:  13/19      EV:  8    Int: 19    God:    Qazlal [***...]
Gold:   757        SH:  0    Dex: 11    Spells: 18/21 levels left

rFire   . . .        p - +3 dagger (elec)
rCold   . . .        (no shield)
rNeg    . . .        (body armour unavailable)
rPois   .            h - +1 hat {Stlth+}
rElec   +            w - +0 cloak
rCorr   .            (no gloves)
SInv    +            c - +0 pair of boots
Will    .....        (no amulet)
Stlth   ++           d - +5 ring of evasion
HPRegen 0.37/turn    e - ring of see invisible
MPRegen 0.16/turn

%: no passive effects
@: about to teleport, held
A: galvanic breath, AC +7, unfitting armour, electricity resistance,
cold-blooded
a: Galvanic Breath, Renounce Religion, Upheaval, Elemental Force


You were on level 1 of the Lair of Beasts.
You worshipped Qazlal.
Qazlal was most pleased with you.
You visited 2 branches of the dungeon, and saw 11 of its levels.

You collected 796 gold pieces.
You spent 39 gold pieces at shops.

Inventory:

Hand Weapons
 p - a +3 dagger of electrocution (weapon)
   (You took it off a goblin on level 4 of the Dungeon)
 A - a +5 long sword
   (You took it off a wight on level 9 of the Dungeon)
Missiles
 g - a throwing net {!f}
Armour
 c - a +0 pair of boots (worn)
   (You found it on level 3 of the Dungeon)
 h - a +1 hat of stealth (worn)
   (You took it off Gastronok on level 8 of the Dungeon)
 w - a +0 cloak (worn)
   (You took it off Crazy Yiuf on level 5 of the Dungeon)
Magical Staves
 t - a staff of alchemy
   (You found it on level 7 of the Dungeon)
Jewellery
 d - a +5 ring of evasion (left hand)
   (You found it on level 3 of the Dungeon)
 e - a ring of see invisible (right hand)
   (You found it on level 1 of the Dungeon)
 o - a ring of willpower
   (You found it on level 10 of the Dungeon)
 y - a ring of magical power
   (You found it on level 6 of the Dungeon)
Wands
 l - a wand of paralysis (1)
   (You took it off an orc on level 8 of the Dungeon)
 x - a wand of mindburst (13)
   (You found it on level 6 of the Dungeon)
 D - a wand of warping (3)
   (You took it off an orc wizard on level 10 of the Dungeon)
Scrolls
 b - a scroll of revelation
 i - 2 scrolls of poison
 k - 4 scrolls of amnesia
 m - a scroll of torment {!r}
 n - 2 scrolls of enchant armour
 u - 3 scrolls of immolation {unknown}
 v - 4 scrolls of teleportation {@r4}
 z - 2 scrolls of vulnerability {!r}
 C - 3 scrolls of enchant weapon
 E - 2 scrolls of blinking
Potions
 a - 3 potions of brilliance
 f - a potion of mutation {!q}
 j - a potion of enlightenment {unknown}
 q - a potion of attraction {unknown}
 r - a potion of might {unknown}
 s - 2 potions of degeneration {unknown}
 B - 2 potions of curing {unknown}
 G - a potion of lignification {unknown}


   Skills:
 + Level 12.2 Fighting
 - Level 10.0 Short Blades
 - Level 1.7 Dodging
 - Level 1.7 Stealth
 - Level 5.9 Spellcasting
 - Level 1.0 Conjurations
 - Level 6.0 Fire Magic
 * Level 9.5 Invocations
 - Level 4.0 Evocations


You had 18 spell levels left.
You knew the following spells:

 Your Spells              Type           Power      Damage    Failure   Level
a - Foxfire               Conj/Fire      76%        2x1d7     2%          1
b - Scorch                Fire           56%        2d7       1%          2

Your spell library contained the following spells:

 Spells                   Type           Power      Damage    Failure   Level
 Magic Dart               Conj           36%        1d4       8%          1
 Inner Flame              Hex/Fire       17%        N/A       10%         3
 Volatile Blastmotes      Fire/Tloc      34%        2d12      10%         3
 Blink                    Tloc           10%        N/A       17%         2
 Call Imp                 Summ           10%        N/A       17%         2
 Lesser Beckoning         Tloc           10%        N/A       17%         2
 Flame Wave               Conj/Fire      19%        2d7       26%         4
 Maxwell's Portable Pile  Tloc           5%         2d(5-15)  34%         3
 Teleport Other           Tloc           5%         N/A       34%         3


Dungeon Overview and Level Annotations

Branches:
Dungeon (10/15) Zot: 25717  Temple (0/1) D:5            Lair (1/5) D:8 Zot: 3869
    Orc: D:9-12

Altars:
Dithmenos
Elyvilon
Gozag
Qazlal
Ru
Sif Muna
Uskayaw
Wu Jian
Xom

Shops:
D:3 !   D:9 ?   D:10 :

Annotations:
Lair:1 1 transporter


Innate Abilities, Weirdness & Mutations

You can breathe arcing electricity.
Your glossy black scales are hard. (AC +7)
You cannot fit into any form of body armour.
You are resistant to electric shocks. (rElec)
You are cold-blooded and may be slowed by cold attacks.


Message History

Confirm with . or Enter, or press ? or * to list all spells.
Flames lash the swamp worm.
The swamp worm is lightly wounded.
The swamp worm's fire resistance burns away.
The swamp worm fires a harpoon shot at you.
The harpoon shot hits you.
You are yanked forward by the harpoon shot.
You collide with the briar patch!
The briar patch is severely damaged.
You become entangled in the net!
The swamp worm fires a harpoon shot at you.
The harpoon shot hits you!
You are yanked forward by the harpoon shot.
You collide with the briar patch.
The briar patch is lightly damaged.
* * * LOW HITPOINT WARNING * * *
As you read the scroll of teleportation {@r4}, it crumbles to dust.
You feel strangely unstable.
The swamp worm fires a harpoon shot at you.
The harpoon shot hits you!
* * * LOW HITPOINT WARNING * * *
You are yanked forward by the harpoon shot.
You collide with the briar patch.
The briar patch is severely damaged.
* * * LOW HITPOINT WARNING * * *
You become entangled in the net!
The swamp worm fires a harpoon shot at you.
The harpoon shot hits you.
* * * LOW HITPOINT WARNING * * *
You are yanked forward by the harpoon shot.
You collide with the briar patch!
The briar patch is destroyed!
* * * LOW HITPOINT WARNING * * *
Unknown command.
Casting: Scorch (safe; 1% risk of failure)
Confirm with . or Enter, or press ? or * to list all spells.
Flames lash the swamp worm.
The swamp worm is burned terribly!
The swamp worm is moderately wounded.
The swamp worm fires a harpoon shot at you.
The harpoon shot hits you!
* * * LOW HITPOINT WARNING * * *
You are yanked forward by the harpoon shot.
You collide with the briar patch.
* * * LOW HITPOINT WARNING * * *
The swamp worm fires a harpoon shot at you.
The harpoon shot hits you!
* * * LOW HITPOINT WARNING * * *
You are yanked forward by the harpoon shot.
You collide with the briar patch.
You die...

#........#[©"#......##......
#........#$$$#..#.#P###.....
##.....####+####.######.....
#.....##≈P§P≈w#.## #......
#.....#w≈P^P≈##..####......
##....###§^P≈♣#...##.......
##....#w≈P^§###............
##.#.#.##≈.§P≈w#.#..........
#..###.#w§P@P≈##.##......... #..#
#.##≈P^P≈♣#..#P#....... ##.##
#.###P©P###..###....... #..#
##...#####.....##..#....
##.[###..#...©........#.##....
####....###................###...
.##.....#####.............## ###.
..#......# ##............# ##
##.......# #............#


You could see 5 swamp worms.

Vanquished Creatures
  Gastronok (D:8)
  Erolcha (D:10)
  A boulder beetle (Lair:1)
  A cyclops (D:8)
  3 cane toads (Lair:1)
  4 komodo dragons
  A troll (D:10)
  4 blink frogs (Lair:1)
  Sigmund (D:4)
  4 basilisks
  25 yaks
  An acid dragon (D:8)
  4 water moccasins (Lair:1)
  2 ice beasts (D:6)
  2 orc warriors
  A black bear (D:7)
  2 sky beasts
  An ogre (D:4)
  4 centaurs
  6 wolves (Lair:1)
  2 phantoms
  A kobold brigand (D:10)
  9 bullfrogs
  A scorpion (D:5)
  9 wights
  5 killer bees (D:10)
  7 howler monkeys
  A quasit (D:4)
  5 hounds
  2 jellies
  9 orc priests
  Crazy Yiuf (D:5)
  5 iguanas
  A sleepcap (D:5)
  8 orc wizards
  7 gnolls
  6 adders
  3 shadow imps
  2 ufetubi (D:4)
  5 dart slugs
  3 ribbon worms (D:2)
  21 orcs
  7 ball pythons
  5 bats
  5 endoplasms
  A giant cockroach (D:1)
  5 hobgoblins
  2 jackals (D:4)
  12 kobolds
  9 quokkas
  2 frilled lizards
  4 goblins
  8 rats
242 creatures vanquished.

Vanquished Creatures (collateral kills)
  A foxfire (D:5)
1 creature vanquished.

Vanquished Creatures (others)
  An orc wizard (D:9)
  313 foxfires
314 creatures vanquished.

Grand Total: 557 creatures vanquished

Notes
Turn   | Place    | Note
-------+----------+-------------------------------------------
     0 | D:1      | GeoRichter the Draconian Fire Elementalist began the quest
                  | for the Orb.
     0 | D:1      | Reached XP level 1. HP: 14/14 MP: 3/3
   201 | D:1      | Reached XP level 2. HP: 20/20 MP: 0/5
   454 | D:1      | Learned a level 2 spell: Scorch
  1309 | D:2      | Reached XP level 3. HP: 26/26 MP: 1/6
  1754 | D:2      | Reached XP level 4. HP: 33/33 MP: 4/7
  1909 | D:2      | Reached skill level 5 in Fire Magic
  2856 | D:3      | Found a shadowy altar of Dithmenos.
  2866 | D:3      | Reached XP level 5. HP: 38/38 MP: 1/8
  3277 | D:3      | Found Qasoapse's Distillery.
  3360 | D:3      | Reached skill level 1 in Fighting
  3525 | D:3      | Found a stormy altar of Qazlal.
  3526 | D:3      | Noticed a water elemental
  3527 | D:3      | Noticed a fire elemental
  3528 | D:3      | Noticed an air elemental
  3682 | D:3      | Became a worshipper of Qazlal Stormbringer
  3911 | D:4      | Noticed Sigmund
  3977 | D:4      | Killed Sigmund
  3978 | D:4      | Reached skill level 2 in Fighting
  3978 | D:4      | Reached XP level 6. HP: 42/50 MP: 4/10
  4240 | D:4      | Found an ornate altar of the Wu Jian Council.
  4269 | D:4      | Your scales start taking on a glossy black colour.
  4269 | D:4      | Reached XP level 7. HP: 55/56 MP: 1/11
  4269 | D:4      | Gained mutation: You are resistant to electric shocks.
                  | (rElec) [Black Draconian growth]
  4274 | D:4      | Reached skill level 3 in Fighting
  5000 | D:4      | Reached * piety under Qazlal
  5239 | D:5      | Entered Level 5 of the Dungeon
  5477 | D:5      | You fall into a shaft and drop 3 floors!
  5521 | D:8      | Reached skill level 5 in Invocations
  5534 | D:8      | Reached skill level 4 in Fighting
  5609 | D:8      | Noticed a komodo dragon
  5621 | D:8      | Noticed Gastronok
  5624 | D:8      | Killed a komodo dragon
  5625 | D:8      | Reached XP level 8. HP: 41/67 MP: 3/14
  5648 | D:8      | Killed Gastronok
  5649 | D:8      | Reached skill level 6 in Fighting
  5649 | D:8      | Reached skill level 5 in Spellcasting
  5649 | D:8      | Reached XP level 9. HP: 41/75 MP: 1/17
  5962 | D:7      | Found a shimmering blue altar of Sif Muna.
  5966 | D:7      | Found a hide-covered altar of Uskayaw.
  5967 | D:7      | Found a shimmering altar of Xom.
  6615 | D:5      | Reached skill level 1 in Short Blades
  6746 | D:5      | Found a staircase to the Ecumenical Temple.
  6782 | D:5      | Reached skill level 7 in Fighting
  7030 | D:5      | Found a runed translucent door.
  7031 | D:5      | Noticed Crazy Yiuf
  7037 | D:5      | Killed Crazy Yiuf
  7076 | D:5      | Identified the +2 hammer "Kyw Qiun" {elec, Will+ Str+2}
  7782 | D:6      | Found the +18 Lear's hauberk
  8021 | D:6      | Found a sacrificial altar of Ru.
  8771 | D:8      | Reached ** piety under Qazlal
  8772 | D:8      | Reached XP level 10. HP: 84/88 MP: 10/18
  9124 | D:8      | Noticed a cyclops
  9131 | D:8      | Killed a cyclops
  9132 | D:8      | Reached skill level 8 in Fighting
  9132 | D:8      | Reached skill level 5 in Short Blades
  9170 | D:8      | Found a white marble altar of Elyvilon.
  9543 | D:8      | Found a staircase to the Lair.
  9878 | D:9      | Found an opulent altar of Gozag.
  9981 | D:9      | Reached skill level 9 in Fighting
 10158 | D:9      | Found Puocaty's Magic Scroll Boutique.
 10201 | D:9      | Bought a scroll of teleportation for 39 gold pieces
 10693 | D:9      | Reached XP level 11. HP: 97/97 MP: 4/19
 11107 | D:10     | Entered Level 10 of the Dungeon
 11167 | D:10     | Noticed Erolcha
 11191 | D:10     | Killed Erolcha
 11302 | D:10     | Reached skill level 10 in Fighting
 11707 | D:10     | Reached *** piety under Qazlal
 11936 | D:10     | Found Cuyzudepp's Book Shoppe.
 12399 | Lair:1   | Entered Level 1 of the Lair of Beasts
 12690 | Lair:1   | Found an ornate altar of the Wu Jian Council.
 12690 | Lair:1   | Found a hide-covered altar of Uskayaw.
 12690 | Lair:1   | Noticed a boulder beetle
 12719 | Lair:1   | Killed a boulder beetle
 12720 | Lair:1   | Reached skill level 10 in Short Blades
 13044 | Lair:1   | Reached skill level 1 in Evocations
 13099 | Lair:1   | Reached skill level 11 in Fighting
 13836 | Lair:1   | Reached skill level 12 in Fighting
 13969 | Lair:1   | Found a transporter.
 14007 | Lair:1   | Found a transporter.
 14574 | Lair:1   | HP: 1/104 [swamp worm/harpoon shot (13)]
 14574 | Lair:1   | Collided with a briar patch

Illustrated notes

Levels and vault maps discovered:
D:1:      heliophobic_arrival_glass_houses, layout_basic, minmay_tall_x
D:2:      layout_rooms
D:3:      layout_basic, nicolae_qazlal_style_of_elements, lemuel_round_altar,
          serial_shops, shop
D:4:      layout_loops_ring, nicolae_wu_jian_wuxing_cycle, serial_demonic,
          serial_demonic_d, serial_demonic_b, serial_demonic_d,
          serial_demonic_c, corexii_shack, chequers_serial_rivers_micro_e,
          hangedman_decor_diamond_cutter, minmay_misc_feat_iff, uniq_sigmund
D:5:      layout_cave_pools, temple_statues, kennysheep_cross_bottleneck,
          uniq_crazy_yiuf_cottage
D:6:      layout_gridville, mainiacjoe_overflow_brackets
D:7:      layout_basic, chequers_temple_overflow_statue_of_worship
D:8:      lemuel_ice_spiral_2, layout_rooms, elyvilon_altar_3, erik_lair_dragon,
          uniq_gastronok
D:9:      layout_rooms, nicolae_gozag_seed_capital, serial_shops, shop,
          serial_library_hellmonk_small_corner
D:10:     layout_loops_ring, serial_shops, shop_statue, uniq_erolcha
Lair:1:   gammafunk_worm_tunnel, layout_cave_pods,
          nzn_masters_of_martial_movement, infiniplex_staircase_pool_2,
          grunt_megastairs_5

Skill      XL: |  1  2  3  4  5  6  7  8  9 10 11 |
---------------+----------------------------------+-----
Fire Magic     | 4 5 6 |  6.0
Fighting       | 2 4 6 7 9 12 | 12.2
Spellcasting   | 3 4 5 |  5.9
Invocations    | 2 3 6 8 9 |  9.5
Short Blades   | 4 8 10 | 10.0
Evocations     | 4 |  4.0
Dodging        | |  1.7
Stealth        | |  1.7
Conjurations   | |  1.0

Action                     |  1- 3 |  4- 6 |  7- 9 | 10-12 || total
---------------------------+-------+-------+-------+-------++-------
  Melee: Dagger            |    36 |    57 |    65 |   181 ||   339
         Tailslap          |     4 |     8 |     8 |    37 ||    57
   Cast: Foxfire           |    23 |    12 |    97 |    47 ||   179
         Scorch            |    27 |    59 |    89 |   192 ||   367
Ability: Galvanic Breath   |       |       |     2 |     4 ||     6
  Evoke: Wand              |       |       |       |     9 ||     9
    Use: Scroll            |     2 |     2 |     7 |     5 ||    16
         Potion            |     1 |       |     3 |       ||     4
   Stab: Sleeping          |     2 |     1 |       |       ||     3
         Paralysed         |       |       |       |     1 ||     1
 Armour: Skin              |    29 |    44 |    48 |   186 ||   307
  Dodge: Dodged            |    44 |    93 |    64 |   177 ||   378
  Block: Other             |       |       |     3 |    34 ||    37

Table legend: (Time is in decaauts)
 A = Elapsed time spent in this place.
 B = Non-inter-level travel time spent in this place.
 C = Inter-level travel time spent in this place.
 D = Time resting spent in this place.
 E = Time spent auto-exploring this place.
 F = Levels seen in this place.
 G = Mean time per level.
                   A        B        C        D        E       F      G
               +--------+--------+--------+--------+--------+-----+--------+
         Total |  14511 |  13927 |    584 |    420 |  11444 |  11 | 1319.2 |
       Dungeon |  12382 |  11852 |    530 |    356 |   9691 |  10 | 1238.2 |
          Lair |   2129 |   2075 |     54 |     64 |   1753 |   1 | 2129.0 |
               +--------+--------+--------+--------+--------+-----+--------+

Top non-repeatable levels by time:
  Lair:1: 2129 daAuts
     D:4: 1564 daAuts
     D:8: 1515 daAuts
     D:3: 1439 daAuts
     D:7: 1375 daAuts
     D:1: 1305 daAuts
     D:9: 1231 daAuts
    D:10: 1192 daAuts
     D:2: 1022 daAuts
     D:5: 875 daAuts
     D:6: 861 daAuts
